 Dungeon Crawl Stone Soup version 0.18-a0-1774-gce1f7b6 (webtiles) character file.

12446 Moloch the Fencer (level 11, -7/104 HPs)
             Began as a Minotaur Fighter on Apr 15, 2016.
             Was a High Priest of Okawaru.
             Mangled by a freezing wraith (13 damage)
             ... in an ice cave.
             The game lasted 00:31:10 (13282 turns).

Moloch the Fencer (Minotaur Fighter)               Turns: 13282, Time: 00:31:11

Health: -7/104     AC: 17    Str: 22    XL:     11   Next: 62%
Magic:  8/10       EV:  6    Int:  5    God:    Okawaru [*****.]
Gold:   519        SH:  9    Dex: 12    Spells: 0 memorised, 10 levels left

rFire  . . .     SeeInvis .     r - +2 long sword (holy)
rCold  . . .     Gourm    .     u - +0 chain mail
rNeg   . . .     Faith    .     i - +0 shield
rPois  .         Spirit   .     (helmet restricted)
rElec  .         Dismiss  .     q - +2 cloak {+Inv}
rCorr  .         Reflect  .     Q - +1 pair of gloves
SustAt .         Harm     .     J - +0 pair of boots
MR     .....                    (no amulet)
Stlth  ..........               (no ring)
                                (no ring)

@: slowed, very slow, not resistant to hostile enchantments, extremely
unstealthy
A: retaliatory headbutt, horns 2, talons 1, icy blue scales 1, blurry vision 1,
regeneration 1, shaggy fur 1, sturdy frame 1
a: Heroism, Finesse, Renounce Religion, Evoke Invisibility


You were in an ice cave.
You worshipped Okawaru.
Okawaru was extremely pleased with you.
You were hungry.

You visited 2 branches of the dungeon, and saw 12 of its levels.
You also visited: Ice Cave.

You collected 519 gold pieces.

Inventory:

Hand Weapons
 g - a +1 great sword of draining
 r - a +2 long sword of holy wrath (weapon)
 E - a +0 scimitar
Missiles
 p - 7 tomahawks (quivered)
 w - a throwing net
 K - 5 javelins
Armour
 i - a +0 shield (worn)
 q - a +2 cloak of invisibility (worn)
 u - a +0 chain mail (worn)
 J - a +0 pair of boots (worn)
 Q - a +1 pair of gloves (worn)
Wands
 s - a wand of digging (8/24)
 y - a wand of acid (9/15)
 I - a wand of acid (10/15)
 P - a wand of iceblast (11/15)
Scrolls
 a - a scroll of magic mapping
 b - a scroll of blinking
 c - 4 scrolls of amnesia
 d - a scroll of recharging
 e - 2 scrolls of teleportation
 j - 4 scrolls of identify
 t - a scroll of enchant armour
 A - a scroll of fear
 M - a scroll of remove curse
Potions
 h - 3 potions of lignification
 m - a potion of brilliance
 n - 2 potions of flight
 o - a potion of cancellation
 z - 2 potions of ambrosia
 L - a potion of haste
Miscellaneous
 C - a legendary deck of wonders {Focus}
Comestibles
 f - 6 bread rations
 k - 7 meat rations
 l - 2 slices of pizza
 v - 10 royal jellies
 B - 3 beef jerkies


   Skills:
 + Level 12.0 Fighting
 + Level 17.7 Long Blades
 - Level 3.6 Armour
 - Level 3.6 Shields


You had 10 spell levels left.
You didn't know any spells.

Dungeon Overview and Level Annotations

Branches:
Dungeon (11/15)            Temple (1/1) D:4            Lair (0/8) D:11
    Orc (0/2) D:11

Altars:
Ashenzari
Cheibriados
Dithmenos
Elyvilon
Fedhas
Gozag
Kikubaaqudgha
Makhleb
Nemelex Xobeh
Okawaru
Pakellas
Qazlal
Ru
Sif Muna
Trog
Vehumet
Xom
Yredelemnul
Zin
The Shining One

Annotations:
D:9 skk's ghost, novice SpAs


Innate Abilities, Weirdness & Mutations

You reflexively headbutt those who attack you in melee.
You have a pair of horns on your head.
You have sharp toenails.
You are partially covered in icy blue scales (AC +1).
Scrolls take you a little longer to read.
Your natural rate of healing is unusually fast.
You are covered in fur (AC +1).
Your movements are slightly less encumbered by armour (ER -2).


Message History

[Y]es or [N]o only, please.
Really read with blurry vision while enemies are nearby? [Y]es or [N]o only, please.
Really read with blurry vision while enemies are nearby? [Y]es or [N]o only, please.
Really read with blurry vision while enemies are nearby?
Okay, then.
You hit the freezing wraith but do no damage.
The freezing wraith is lightly damaged.
The freezing wraith hits you but does no damage.
You block the freezing wraith's attack.
Press: ? - help, v - describe, . - travel
Here: a freezing wraith (lightly damaged)
The floor.
Unknown command.
Drink which item? (? for menu, Esc to quit)
You feel better. The freezing wraith hits you!
* * * LOW HITPOINT WARNING * * *
The freezing wraith freezes you!
You die...

#.....##..##
##.....##..#
#...W. ##..#
##...###.##
...W. #.Y##
######..#
...Y. ##..#
##..## ....
#.W## ##...#
#... ##..#
##...##
##W####...##
#..##...##
##..#@.##
#...W.#
##...##
#####


You could see a freezing wraith.

Vanquished Creatures
  A skeletal warrior (D:10)
  A cyclops (D:11)
  A manticore (D:11)
  An elephant (D:11)
  5 centaur skeletons (D:10)
  5 freezing wraiths (IceCv)
  A troll (D:10)
  2 flying skulls (D:10)
  A wyvern (D:9)
  A wraith (D:10)
  A shadow (D:10)
  2 death yak simulacra (IceCv)
  2 steam dragons (D:8)
  A water moccasin (D:5)
  Duvessa (D:6)
  2 wasps (D:8)
  18 ice beasts
  4 orc warriors
  The ghost of PeterLawrence the Shield-Bearer, an amateur MiFi (D:3)
  3 sky beasts
  3 necrophages (D:10)
  2 phantoms
  3 ogres
  A crocodile (D:11)
  A centaur (D:8)
  3 giant frogs
  A gnoll sergeant (D:9)
  A wyvern zombie (D:10)
  Dowan (D:6)
  A water moccasin skeleton (D:10)
  4 wyvern skeletons
  3 scorpions
  7 killer bees (D:8)
  5 howler monkeys
  5 wights (D:10)
  2 crimson imps (D:9)
  5 centaur zombies
  4 giant frog zombies
  2 hounds
  11 orc wizards
  8 orc priests
  4 giant frog skeletons
  A gnoll shaman (D:6)
  Terence (D:3)
  3 iguanas
  12 worker ants
  2 polar bear simulacra (IceCv)
  A sheep (D:11)
  A hound zombie (D:10)
  3 hound skeletons
  A worker ant zombie (D:10)
  8 gnolls
  2 howler monkey skeletons
  6 adders
  5 white imps (IceCv)
  3 oozes
  2 adder zombies
  A worm (D:2)
  3 dart slugs
  5 giant geckos
  33 orcs
  4 giant cockroaches
  4 goblins
  7 hobgoblins
  6 jackals (D:5)
  3 quokkas
  A ball python (D:6)
  2 bats
  2 giant newts
  6 kobolds
  7 rats
266 creatures vanquished.

Vanquished Creatures (others)
  2 fungi (D:11)
2 creatures vanquished.

Grand Total: 268 creatures vanquished

Notes
Turn   | Place    | Note
--------------------------------------------------------------
     0 | D:1      | Moloch the Minotaur Fighter began the quest for the Orb.
     0 | D:1      | Reached XP level 1. HP: 19/19 MP: 0/0
   151 | D:1      | Reached skill level 3 in Long Blades
   301 | D:1      | Reached XP level 2. HP: 26/26 MP: 1/1
   758 | D:2      | Reached skill level 4 in Long Blades
   989 | D:2      | Reached XP level 3. HP: 16/31 MP: 2/2
  1513 | D:3      | Noticed Terence
  1549 | D:3      | Killed Terence
  1549 | D:3      | Reached skill level 5 in Long Blades
  1549 | D:3      | Reached XP level 4. HP: 27/39 MP: 3/3
  1559 | D:3      | Found an opulent altar of Gozag.
  1932 | D:3      | Noticed PeterLawrence's ghost (amateur MiFi)
  2278 | D:4      | Reached skill level 6 in Long Blades
  2278 | D:4      | Reached XP level 5. HP: 42/45 MP: 4/4
  2344 | D:3      | Killed PeterLawrence's ghost
  2344 | D:3      | Reached skill level 7 in Long Blades
  2525 | D:4      | Reached XP level 6. HP: 40/51 MP: 5/5
  2615 | D:4      | Found a glowing golden altar of the Shining One.
  2699 | D:4      | Found a staircase to the Ecumenical Temple.
  2706 | Temple   | Entered the Ecumenical Temple
  3061 | D:4      | Reached skill level 8 in Long Blades
  3480 | D:5      | Entered Level 5 of the Dungeon
  3666 | D:5      | Noticed a water moccasin
  3667 | D:5      | Reached skill level 9 in Long Blades
  3676 | D:5      | Reached XP level 7. HP: 17/57 MP: 6/6
  3686 | D:5      | Reached skill level 10 in Long Blades
  3692 | D:5      | HP: 4/85 [poisoned by a water moccasin]
  3700 | D:5      | HP: 4/85 [poisoned by a water moccasin]
  4230 | D:5      | Found a shattered altar of Ashenzari.
  4230 | D:5      | Found a bloodstained altar of Trog.
  4361 | D:5      | Found an iron altar of Okawaru.
  4369 | D:5      | Became a worshipper of Warmaster Okawaru
  5004 | D:6      | Reached skill level 11 in Long Blades
  5024 | D:6      | Gained mutation: Scrolls take you a little longer to read. [mutagenic meat]
  5025 | D:6      | Gained mutation: Your magical capacity is low (-10% MP). [mutagenic meat]
  5026 | D:6      | Gained mutation: Your movements are slightly less encumbered by armour (ER -2). [mutagenic meat]
  5027 | D:6      | Gained mutation: You have sharp toenails. [mutagenic meat]
  5029 | D:6      | Gained mutation: You are partially covered in icy blue scales (AC +1). [mutagenic meat]
  5045 | D:6      | Reached XP level 8. HP: 59/64 MP: 6/6
  5159 | D:6      | Reached * piety under Okawaru
  5205 | D:6      | Noticed Duvessa
  5240 | D:6      | Killed Duvessa
  5240 | D:6      | Reached skill level 12 in Long Blades
  5266 | D:6      | Noticed Dowan
  5282 | D:6      | Killed Dowan
  6216 | D:6      | Reached skill level 13 in Long Blades
  6240 | D:6      | Reached ** piety under Okawaru
  6475 | D:7      | Reached XP level 9. HP: 61/71 MP: 7/7
  7509 | D:7      | Reached skill level 14 in Long Blades
  7969 | D:8      | Reached skill level 5 in Fighting
  8232 | D:8      | Reached *** piety under Okawaru
  8564 | D:8      | Reached skill level 15 in Long Blades
  8777 | D:8      | Found a glowing silver altar of Zin.
  8777 | D:8      | Found a stormy altar of Qazlal.
  8778 | D:8      | Found a deep blue altar of Sif Muna.
  9004 | D:8      | Reached XP level 10. HP: 38/86 MP: 8/8
  9435 | D:9      | Noticed skk's ghost (novice SpAs)
 10705 | D:10     | Entered Level 10 of the Dungeon
 10879 | D:10     | Reached **** piety under Okawaru
 11460 | D:10     | Noticed a skeletal warrior
 11499 | D:10     | Killed a skeletal warrior
 11499 | D:10     | Reached skill level 16 in Long Blades
 11525 | D:10     | Reached skill level 10 in Fighting
 11528 | D:10     | Reached ***** piety under Okawaru
 11717 | D:10     | Reached XP level 11. HP: 93/101 MP: 8/8
 11928 | D:9      | Found a sacrificial altar of Ru.
 12144 | D:11     | Found a staircase to the Lair.
 12185 | D:11     | Received a gift from Okawaru
 12273 | D:11     | Found a frozen archway.
 12279 | D:11     | Reached skill level 17 in Long Blades
 12317 | D:11     | HP: 3/102 [ice beast (11)]
 12640 | IceCv    | Entered an ice cave
 13266 | IceCv    | Gained mutation: Your natural rate of healing is unusually fast. [potion of mutation]
 13266 | IceCv    | Lost mutation: Your magical capacity is low (-10% MP). [potion of mutation]
 13266 | IceCv    | Gained mutation: You are covered in fur (AC +1). [potion of mutation]
 13282 | IceCv    | Mangled by a freezing wraith

Vault maps used:
D:1:      dpeg_arrival_yet_another_circle, serial_park_tiny_pond, hex_medium
D:2:      first_bread
D:3:      nicolae_gozag_seed_capital, uniq_terence
D:4:      kennysheep_mini_moat, minmay_temple_entry_butterflies
D:5:      okawaru_metal_pillars_1_2, gammafunk_temple_overflow_wave,
          grunt_ministairs_1
D:6:      hangedman_abyss_or_decor_lesser_grid, grunt_decor_one_mirror,
          grunt_ministairs_1, uniq_duvessa
D:8:      kennysheep_steamy, gammafunk_temple_overflow_forgotten,
          hangedman_pestilent_swarm
D:9:      nicolae_ru_awakened_eye
D:10:     hangedman_screamer
D:11:     david_lair_generic, hiddenorc1_lemuel,
          portal_ice_cave_entry_ice_beasts, water_maze_lemuel
Temple:   oiseaux_autumnal_temple_12
IceCv:    ice_cave_small_necro

Skill      XL: |  1  2  3  4  5  6  7  8  9 10 11 |
---------------+----------------------------------+-----
Long Blades    | 3 4 5 6 7 9 11 13 15 16 17 | 17.7
Fighting       | 4 7 10 12 | 12.0
Armour         | |  3.6
Shields        | |  3.6

Action                   |  1- 3 |  4- 6 |  7- 9 | 10-12 || total
-------------------------+-------+-------+-------+-------++-------
Melee: Long sword        |    73 |   110 |   342 |   645 ||  1170
       Headbutt          |    10 |    21 |    53 |   113 ||   197
       Great sword       |       |       |    20 |       ||    20
       Kick              |       |       |    91 |    27 ||   118
Invok: Heroism           |       |       |     3 |     8 ||    11
  Use: Scroll            |       |     2 |     5 |    15 ||    22
       Potion            |       |     1 |     3 |     4 ||     8
 Stab: Distracted        |       |       |     1 |       ||     1
  Eat: Chunk             |     2 |     7 |    20 |    12 ||    41
       Beef jerky        |       |       |     1 |     1 ||     2
       Fruit             |       |       |       |     3 ||     3
Armor: Scale mail        |    16 |    30 |     7 |       ||    53
       Chain mail        |       |       |    89 |   244 ||   333
       Skin              |       |       |     8 |       ||     8
Dodge: Dodged            |    16 |    25 |    56 |    97 ||   194
Block: Shield            |    33 |    50 |   117 |   182 ||   382
